 Dungeon Crawl Stone Soup version 0.27.1-1-g398f81649c (webtiles) character file.

Game seed: 964664050109840650

39 Metae the Skirmisher (level 3, -2/29 HPs)
             Began as a Demonspawn Berserker on Sept 14, 2021.
             Was a Follower of Trog.
             Succumbed to a water moccasin's poison
             ... on level 3 of the Dungeon.
             The game lasted 00:05:53 (2616 turns).

Metae the Skirmisher (Demonspawn Berserker)         Turns: 2616, Time: 00:05:53

Health: -2/29      AC:  2    Str: 18    XL:     3   Next: 28%
Magic:  3/3        EV: 12    Int:  8    God:    Trog [*.....]
Gold:   86         SH:  4    Dex: 18    Spells: 2/2 levels left

rFire    . . .     SeeInvis .   a - +0 hand axe
rCold    . . .     Faith    .   (no shield)
rNeg     . . .     Spirit   .   e - +0 animal skin
rPois    .         Reflect  .   (no helmet)
rElec    .         Harm     .   (no cloak)
rCorr    .         Rampage  .   (no gloves)
Will     .....                  (no boots)
Stlth    ++........             (no amulet)
HPRegen  0.09/turn              l - +6 ring of dexterity
MPRegen  0.16/turn              (no ring)

@: lethally poisoned (-2 -> -18)
A: magic regeneration, condensation shield
a: Renounce Religion, Berserk


You were on level 3 of the Dungeon.
You worshipped Trog.
Trog was aware of your devotion.
You visited 1 branch of the dungeon, and saw 3 of its levels.

You collected 86 gold pieces.

Inventory:

Hand Weapons
 a - a +0 hand axe (weapon)
 b - a +0 hunting sling
Missiles
 d - 95 stones (quivered)
Armour
 e - a +0 animal skin (worn)
Jewellery
 l - a +6 ring of dexterity (left hand)
Scrolls
 f - 2 scrolls of amnesia
 g - 2 scrolls of teleportation {unknown}
 h - a scroll of brand weapon {unknown}
 k - a scroll of immolation {unknown}
Potions
 c - a potion of curing {unknown}
 i - a potion of heal wounds {unknown}
 j - a potion of resistance {unknown}


   Skills:
 + Level 3.4 Fighting
 + Level 3.1 Axes
 + Level 2.2 Armour
 + Level 2.2 Dodging


You had 2 spell levels left.
You didn't know any spells.
Your spell library was empty.

Dungeon Overview and Level Annotations

Branches:
Dungeon (3/15)

Altars:

Shops:
D:1 *


Innate Abilities, Weirdness & Mutations

You regenerate magic rapidly.
A meltable shield of frost defends you. (SH +4)


Message History

You slash the goblin!
You kill the goblin!
Trog accepts your kill.
Found a scroll labelled BUINNU QAYN.
Things that are here:
a +0 club; a goblin corpse
g - 2 scrolls labelled BUINNU QAYN (gained 1)
You see here a +0 short sword.
Found a dark potion.
A water moccasin comes into view.
The water moccasin hisses angrily.
You closely miss the water moccasin. The water moccasin closely misses you.
The water moccasin bites you!
You hit the water moccasin.
The water moccasin is lightly wounded.
You block the water moccasin's attack.
You hit the water moccasin.
The water moccasin is moderately wounded.
The water moccasin bites you. x2
You are poisoned.
The water moccasin poisons you!
You barely miss the water moccasin.
The water moccasin is moderately wounded.
You feel very sick. You block the water moccasin's attack.
The water moccasin bites you.
You are lethally poisoned!
The water moccasin poisons you!
You closely miss the water moccasin.
The water moccasin is moderately wounded.
* * * LOW HITPOINT WARNING * * *
You feel very sick. The water moccasin misses you.
You slash the water moccasin!
The water moccasin is heavily wounded.
* * * LOW HITPOINT WARNING * * *
You feel very sick. The water moccasin closely misses you.
The water moccasin barely misses you.
You miss the water moccasin.
The water moccasin is heavily wounded.
You die...

#...........#
#........)..#
#...####....#
..........+....+
#.#######.#....####
# ####.###.....#
.............#
.............#
#....S@....##
+..........+
#..........#
###.#.!....#
#.##.##### # ..#
+.# #.#


You could see a water moccasin.

Vanquished Creatures
  3 dart slugs
  3 endoplasms
  9 goblins
  5 hobgoblins
  2 ball pythons (D:1)
  2 bats (D:1)
  A kobold (D:1)
  5 rats
30 creatures vanquished.

Vanquished Creatures (others)
  8 plants (D:1)
  7 withered plants (D:1)
15 creatures vanquished.

Grand Total: 45 creatures vanquished

Notes
Turn   | Place    | Note
-------+----------+-------------------------------------------
     0 | D:1      | Metae the Demonspawn Berserker began the quest for the Orb.
     0 | D:1      | Reached XP level 1. HP: 18/18 MP: 1/1
   390 | D:1      | Found a faded altar of an unknown god.
   440 | D:1      | Gained mutation: You regenerate magic rapidly. [demonic
                  | ancestry]
   440 | D:1      | Reached XP level 2. HP: 10/24 MP: 2/2
  1194 | D:1      | Gained mutation: A meltable shield of frost defends you.
                  | (SH +4) [demonic ancestry]
  1194 | D:1      | Reached XP level 3. HP: 29/29 MP: 3/3
  1259 | D:1      | Found Xayghuept's Assorted Antiques.
  1260 | D:1      | You fall into a shaft and drop 1 floor!
  2605 | D:3      | Noticed a water moccasin
  2616 | D:3      | Succumbed to a water moccasin's poison

Illustrated notes

Levels and vault maps discovered:
D:1:      wheals_arrival_linesprint, layout_basic,
          shapermc_ecumenical_altar_flowoftime, serial_shops, shop_fountains
D:2:      layout_basic
D:3:      layout_basic, nzn_wu_jian_contemplation,
          nicolae_ru_great_annihilating_truth, ebering_ghost_reflecting_pool

Skill      XL: |  1  2 |
---------------+-------+-----
Armour         | 2 |  2.2
Dodging        | 2 |  2.2
Axes           | 3 |  3.1
Fighting       | |  3.4

Action                   || total
-------------------------++-------
Melee: Hand axe          ||   101
 Fire: Hunting sling     ||     2
  Use: Scroll            ||     1
Armor: Animal skin       ||    12
Dodge: Dodged            ||    60
Block: Other             ||     3
